 Dungeon Crawl Stone Soup version 0.31-a0-214-gb37851dbb3 (webtiles) character file.

Game seed: 14016962262799261661

437 qw the Chopper (level 7, 0/44 HPs)
             Began as a Gargoyle Fighter on June 30, 2023.
             Slain by a gnoll sergeant
             ... wielding a +0 spear
              (2 damage)
             ... on level 5 of the Dungeon.
             The game lasted 00:01:36 (4135 turns).

qw the Chopper (Gargoyle Fighter)                   Turns: 4135, Time: 00:01:37

Health: 0/44       AC: 16    Str: 22    XL:     7   Next: 1%
Magic:  7/7        EV:  6    Int:  8    God:
Gold:   19         SH:  4    Dex:  9    Spells: 6/6 levels left

rFire   . . .        Y - +0 war axe (freeze)
rCold   + . .        c - +0 buckler
rNeg    + . .        i - +0 plate armour
rPois   inf          (no helmet)
rElec   +            (no cloak)
rCorr   .            (no gloves)
SInv    .            (no boots)
Will    .....        (no amulet) Stlth
                     j - ring of protection from cold
HPRegen 0.27/turn    (no ring)
MPRegen 0.10/turn

%: no passive effects
@: no status effects
A: sickness immunity, AC +4, negative energy resistance 1, electricity
resistance, torment resistance 1, petrification resistance
a: no special abilities


You were on level 5 of the Dungeon.
You visited 2 branches of the dungeon, and saw 6 of its levels.

You collected 229 gold pieces.
You spent 210 gold pieces at shops.


Innate Abilities, Weirdness & Mutations

You are immune to sickness and miasma.
Your stone body is resilient. (AC +4)
You are immune to poison.
You resist negative energy. (rN+)
You are resistant to electric shocks. (rElec)
You are resistant to unholy torment.
You are immune to petrification.


   Skills:
 - Level 4.5 Fighting
 + Level 6.1 Axes
 - Level 3.2 Armour
 - Level 3.2 Shields


You had 6 spell levels left.
You didn't know any spells.
Your spell library was empty.

Inventory:

Hand Weapons
 f - a +0 flail
 Y - a +0 war axe of freezing (weapon)
Missiles
 h - a boomerang (quivered)
Armour
 c - a +0 buckler (worn)
 i - a +0 plate armour (worn)
Jewellery
 e - a ring of see invisible
 j - a ring of protection from cold (left hand)
Scrolls
 a - a scroll of identify
Potions
 b - a potion of magic {unknown}
 d - 3 potions of might
 k - a potion of berserk rage {unknown}
 l - a potion of attraction {unknown}
 m - a potion of lignification {unknown}

Dungeon Overview and Level Annotations

Branches:
Dungeon (5/15)             Temple (1/1) D:4

Altars:
Ashenzari
Cheibriados
Dithmenos
Gozag
Hepliaklqana
Kikubaaqudgha
Qazlal
Trog
Wu Jian
Xom
Yredelemnul
Zin
The Shining One

Shops:
D:5 =


Message History

The ogre is lightly wounded.
The ogre hits you with a +0 giant club!!
Ouch! That really hurt!
4128 ||| READING scroll of teleportation.
As you read the scroll of teleportation, it crumbles to dust.
You feel strangely unstable. The ogre hits you with a +0 giant club.
4129 ||| DRINKING potion of heal wounds.
You feel much better.
You hit the ogre. You freeze the ogre.
The ogre is moderately wounded.
Your surroundings suddenly seem different.
A gnoll sergeant and 4 gnolls come into view.
Found 6 gold pieces and a scroll of identify.
The gnoll shouts! x4
The gnoll closely misses you.
You hit the gnoll but do no damage. You block the gnoll's attack.
The gnoll hits you but does no damage.
You slash the gnoll! You freeze the gnoll.
The gnoll is severely wounded.
The gnoll hits you from afar with a +0 spear.
The gnoll hits you with a +0 club.
You hit the gnoll. You freeze the gnoll.
You kill the gnoll!
You slash the gnoll! You freeze the gnoll. You block the gnoll's attack.
The gnoll hits you but does no damage.
You have reached level 7!
You closely miss the gnoll.
The gnoll is almost dead.
You block the gnoll's attack. The gnoll closely misses you.
You block the gnoll sergeant's attack.
The gnoll hits you from afar with a +0 halberd.
You slash the gnoll! You freeze the gnoll.
You kill the gnoll!
The gnoll hits you from afar with a +0 halberd!
The gnoll hits you from afar with a +0 spear.
The gnoll sergeant hits you but does no damage.
The gnoll hits you but does no damage. You block the gnoll's attack.
The gnoll sergeant hits you from afar with a +0 spear.
You die...

...########
#?........#
#.........#
#.........#
#......$..#
#....ggg..#
#.#....)....#
.......@)...#
#.#.........#
#.........#
###########


You could see a gnoll sergeant and 2 gnolls.

Vanquished Creatures
  A phantom (D:5)
  A scorpion (D:4)
  A howler monkey (D:4)
  Jessica (D:2)
  A gnoll bouda (D:4)
  An orc wizard (D:3)
  6 gnolls
  5 adders
  2 worms
  A dart slug (D:3)
  10 orcs (D:3)
  11 ball pythons
  6 endoplasms
  3 giant cockroaches
  6 goblins
  2 hobgoblins
  6 jackals
  A quokka (D:1)
  7 bats
  A frilled lizard (D:1)
  3 kobolds
  8 rats
84 creatures vanquished.

Notes
Turn   | Place    | Note
-------+----------+-------------------------------------------
     0 | D:1      | qw the Gargoyle Fighter began the quest for the Orb.
     0 | D:1      | Reached XP level 1. HP: 14/14 MP: 1/1
     0 | D:1      | 0 ||| qw: Version: 0.3-a-32-g5962c71
     0 | D:1      | 0 ||| qw: Game counter: 7330
     0 | D:1      | 0 ||| qw: Melee chars always use a shield: true
     0 | D:1      | 0 ||| qw: God list: Okawaru
     0 | D:1      | 0 ||| qw: Allow faded altars: false
     0 | D:1      | 0 ||| qw: Do Orc after clearing Dungeon:15 true
     0 | D:1      | 0 ||| qw: Do second Lair branch before Depths: true
     0 | D:1      | 0 ||| qw: Lair rune preference: random
     0 | D:1      | 0 ||| qw: Goals: Normal, Zot:1-4, Slime:5, God:TSO, Crypt,
                  | Tomb, Abyss, Pan, Hells, Win
     0 | D:1      | 0 ||| PLANNING D:1-11
    15 | D:1      | Reached skill level 2 in Axes
    89 | D:1      | Reached XP level 2. HP: 19/19 MP: 2/2
   452 | D:1      | Reached skill level 3 in Axes
   732 | D:1      | Reached XP level 3. HP: 22/23 MP: 3/3
   838 | D:1      | 838 ||| READING scroll labelled ARAM DOBIPOSOL.
   839 | D:1      | 839 ||| READING scroll labelled RIESEAL AXEKKE.
   862 | D:1      | 862 ||| Stepping ~*~*~tactically~*~*~ (stealth).
   917 | D:1      | 917 ||| READING scroll labelled JYILAZ RIPSIPP.
  1482 | D:2      | Noticed Jessica
  1483 | D:2      | 1483 ||| Stepping ~*~*~tactically~*~*~ (hiding).
  1493 | D:2      | 1493 ||| Stepping ~*~*~tactically~*~*~ (hiding).
  1500 | D:2      | Killed Jessica
  1501 | D:2      | Reached XP level 4. HP: 17/28 MP: 4/4
  1580 | D:2      | Reached skill level 4 in Axes
  1810 | D:2      | 1810 ||| UPGRADING to +1 ring mail of fire resistance.
  1820 | D:2      | 1820 ||| DROPPING +0 scale mail.
  1821 | D:2      | 1821 ||| UPGRADING to +0 plate armour.
  1831 | D:2      | 1831 ||| DROPPING +1 ring mail of fire resistance.
  1832 | D:2      | 1832 ||| UPGRADING to ring of protection from cold.
  1833 | D:2      | 1833 ||| DRINKING 2 blue potions.
  1834 | D:2      | 1834 ||| DROPPING potion of brilliance.
  1875 | D:3      | 1875 ||| Stepping ~*~*~tactically~*~*~ (stealth).
  1886 | D:3      | 1886 ||| Stepping ~*~*~tactically~*~*~ (stealth).
  1980 | D:3      | 1980 ||| DROPPING +0 mace.
  2050 | D:3      | Reached XP level 5. HP: 21/32 MP: 5/5
  2253 | D:3      | Found a stormy altar of Qazlal.
  2264 | D:3      | 2264 ||| FLEEEEING.
  2265 | D:3      | 2265 ||| FLEEEEING.
  2266 | D:3      | 2266 ||| FLEEEEING.
  2267 | D:3      | 2267 ||| FLEEEEING.
  2268 | D:3      | 2268 ||| FLEEEEING.
  2819 | D:3      | 2819 ||| Stepping ~*~*~tactically~*~*~ (stealth).
  2934 | D:3      | 2934 ||| READING scroll labelled KAUF GEPPILA.
  2935 | D:3      | 2935 ||| READING 2 scrolls labelled LAREL XUFUFF.
  3022 | D:4      | Reached skill level 5 in Axes
  3246 | D:4      | 3246 ||| Stepping ~*~*~tactically~*~*~ (stealth).
  3296 | D:4      | Found a staircase to the Ecumenical Temple.
  3297 | D:4      | 3297 ||| PLANNING TEMPLE
  3297 | D:4      | 3297 ||| READING scroll labelled CUNIHIOSUN.
  3298 | D:4      | 3298 ||| READING scroll labelled LYDAIXKEKEU.
  3299 | D:4      | 3299 ||| READING scroll labelled MEB WOUPLUNO.
  3300 | D:4      | 3300 ||| READING 2 scrolls of identify.
  3300 | D:4      | 3300 ||| IDENTIFYING golden potion
  3310 | Temple   | Entered the Ecumenical Temple
  3365 | Temple   | 3365 ||| PLANNING D:1-11
  3416 | D:4      | Reached XP level 6. HP: 39/39 MP: 6/6
  3586 | D:4      | 3586 ||| Stepping ~*~*~tactically~*~*~ (stealth).
  3893 | D:4      | Found a hazy altar of Hepliaklqana.
  4077 | D:5      | Entered Level 5 of the Dungeon
  4093 | D:5      | Found a shimmering altar of Xom.
  4099 | D:5      | Found Pawacoor's Jewellery Boutique.
  4114 | D:5      | Reached skill level 6 in Axes
  4117 | D:5      | 4117 ||| SHOPLISTING amulet of Kiory {+Blink Regen+ Slay+3}
                  | (792 gold, have 229).
  4117 | D:5      | 4117 ||| SHOPLISTING amulet of faith (560 gold, have 229).
  4117 | D:5      | 4117 ||| SHOPLISTING amulet of reflection (420 gold, have
                  | 229).
  4117 | D:5      | 4117 ||| SHOPLISTING ring of ice (350 gold, have 229).
  4117 | D:5      | 4117 ||| SHOPLISTING ring of positive energy (280 gold,
                  | have 229).
  4117 | D:5      | 4117 ||| SHOPLISTING ring of protection from cold (350
                  | gold, have 229).
  4117 | D:5      | 4117 ||| BUYING ring of see invisible (210 gold).
  4117 | D:5      | Bought a ring of see invisible for 210 gold pieces
  4127 | D:5      | HP: 8/39 [ogre/+0 giant club (25)]
  4128 | D:5      | 4128 ||| READING scroll of teleportation.
  4128 | D:5      | HP: 3/39 [ogre/+0 giant club (6)]
  4129 | D:5      | 4129 ||| DRINKING potion of heal wounds.
  4134 | D:5      | Reached XP level 7. HP: 14/44 MP: 7/7
  4135 | D:5      | HP: 3/44 [gnoll/+0 halberd[a gnoll sergeant] (9)]
  4135 | D:5      | Slain by a gnoll sergeant

Levels and vault maps discovered:
D:1:      giann_bridges, layout_loops_corners
D:2:      layout_loops_corners, dk_vineyard_2, uniq_jessica
D:3:      layout_basic, lemuel_tele_altar
D:4:      layout_layer_cave, nzn_hepliaklqana_mist_gate,
          minmay_temple_entry_statues_pillars, moated_statue
D:5:      layout_rooms, brannock_xom_greatest_gift, serial_shops, shop
Temple:   cyrus_temple_forest

Skill      XL: |  1  2  3  4  5  6 |
---------------+-------------------+-----
Axes           | 2 3 4 5 6 |  6.1
Fighting       | 4 |  4.5
Armour         | |  3.2
Shields        | |  3.2

Action                     |  1- 3 |  4- 6 |  7- 9 || total
---------------------------+-------+-------+-------++-------
  Melee: War axe           |    95 |   118 |     2 ||   215
  Throw: Boomerang         |       |    68 |       ||    68
    Use: Scroll            |     3 |     7 |       ||    10
         Potion            |       |     2 |       ||     2
 Armour: Scale mail        |    30 |     2 |       ||    32
         Plate armour      |       |    72 |     2 ||    74
  Dodge: Dodged            |    43 |    35 |     1 ||    79
  Block: Buckler           |    11 |    21 |     3 ||    35

Table legend:
 A = Non-vault XP
 B = Vault XP
 C = Vault XP percentage of total XP
 D = Non-vault monster count
 E = Vault monster count
 F = Vault count percentage of total count
                 A         B        C        D         E       F
            +---------+---------+-------+---------+---------+-------
      Total |     603 |      37 |   5.8 |      83 |       1 |   1.2
            +---------+---------+-------+---------+---------+-------
        D:1 |      37 |       0 |   0.0 |      23 |       0 |   0.0
        D:2 |      34 |      37 |  52.1 |      12 |       1 |   7.7
        D:3 |      98 |       0 |   0.0 |      28 |       0 |   0.0
        D:4 |     280 |       0 |   0.0 |      16 |       0 |   0.0
        D:5 |     154 |       0 |   0.0 |       4 |       0 |   0.0
            +---------+---------+-------+---------+---------+-------
